 Dungeon Crawl Stone Soup version 0.23.2-40-g277498a001 (webtiles) character file.

Game seed: 10796521452207526179

306801 Exodus22XD the Slayer (level 20, -2/199 HPs)
             Began as a Centaur Hunter on Sept 5, 2019.
             Was a High Priest of Okawaru.
             Slain by a sphinx (4 damage)
             ... while petrified by an ancient lich
             ... on level 5 of the Vaults.
             The game lasted 03:01:46 (53560 turns).

Exodus22XD the Slayer (Centaur Hunter)             Turns: 53560, Time: 03:01:46

Health: -2/199     AC: 43    Str: 23    XL:     20   Next: 31%
Magic:  38/38      EV:  1    Int: 13    God:    Okawaru [*****.]
Gold:   947        SH:  0    Dex: 17    Spells: 16/19 levels left

rFire    + + .     SeeInvis +   e - +7 longbow "Piercer" {penet, EV-2}
rCold    + + +     Gourm    .   (shield currently unavailable)
rNeg     + + +     Faith    .   b - +11 crystal plate armour of the Wilderness {-Cast rC++ rN+++ Regen+}
rPois    ∞         Spirit   .   Q - +2 helmet
rElec    +         Reflect  .   T - scarf {repulsion}
rCorr    .         Harm     .   R - +0 pair of gloves {Str+3}
MR       +....     NoCast   +   X - +4 centaur barding {rF+}
Stlth    ..........             c - amulet of Jewuud {RegenMP rF+ rC+ Int+3 Stlth+}
HPRegen  0.83/turn              q - ring "Naacuj" {rElec MP+9 Slay+3 Stlth+}
MPRegen  0.51/turn              r - ring of see invisible

@: confused, agile, petrified, marked, repel missiles, very quick
A: large, hooves 3, blink, deformed body, speed 2, tough skin 3, weak 1
}: 2/15 runes: decaying, serpentine
a: Blink, Heroism, Finesse, Renounce Religion


You were on level 5 of the Vaults.
You worshipped Okawaru.
Okawaru was extremely pleased with you.
You were not hungry.

You visited 6 branches of the dungeon, and saw 33 of its levels.
You also visited: Ice Cave.

You collected 2995 gold pieces.
You spent 2048 gold pieces at shops.

Inventory:

Hand Weapons
 e - the +7 longbow "Piercer" (weapon) {penet, EV-2}
   (Okawaru gifted it to you on level 4 of the Snake Pit)

   Ammo fired by it will pass through the targets it hits, potentially hitting
   all targets in its path until it reaches maximum range.
   It affects your evasion (-2).
 F - the +3 shortbow "Felij" {velocity, rElec rN+ Str+4 Stlth+}
   (You found it on level 12 of the Dungeon)

   Any arrow fired from it inflicts extra damage.
   It affects your strength (+4).
   It insulates you from electricity.
   It protects you from negative energy.
   It makes you more stealthy.
 M - a +3 longbow of freezing
Missiles
 d - 156 arrows (quivered)
Armour
 b - the +11 crystal plate armour of the Wilderness (worn) {-Cast rC++ rN+++ Regen+}
   (Okawaru gifted it to you on level 1 of the Swamp)

   It greatly protects you from cold.
   It renders you almost immune to negative energy.
   It prevents spellcasting.
   It increases your rate of regeneration.
 Q - a +2 helmet (worn)
 R - a +0 pair of gloves of strength (worn)
 T - a scarf of repulsion (worn)
 X - a +4 centaur barding of fire resistance (worn)
 Z - the +1 robe of Ynoni {Dex+5 Slay+3 SInv}
   (You bought it in a shop on level 4 of the Snake Pit)

   It affects your dexterity (+5).
   It affects your accuracy and damage with ranged weapons and melee attacks
   (+3).
   It lets you see invisible.
Jewellery
 c - the amulet of Jewuud (around neck) {RegenMP rF+ rC+ Int+3 Stlth+}
   (You acquired it on level 4 of the Swamp)

   [amulet of magic regeneration]

   It increases your magic regeneration.
   It affects your intelligence (+3).
   It protects you from fire.
   It protects you from cold.
   It makes you more stealthy.
 k - a +3 ring of strength
 q - the ring "Naacuj" (left hand) {rElec MP+9 Slay+3 Stlth+}
   (You bought it in a shop on level 2 of the Snake Pit)

   [ring of magical power]

   It affects your accuracy and damage with ranged weapons and melee attacks
   (+3).
   It insulates you from electricity.
   It affects your magic capacity (+9).
   It makes you more stealthy.
 r - a ring of see invisible (right hand)
 B - an uncursed ring of flight
 E - an uncursed ring of poison resistance
 H - an uncursed ring of protection from fire
Wands
 I - a wand of iceblast (11)
Scrolls
 i - 5 scrolls of teleportation
 m - a scroll of vulnerability {unknown}
 p - 2 scrolls of fog
 t - 3 scrolls of fear
 u - a scroll of amnesia
 w - 7 scrolls of immolation
 y - 4 scrolls of enchant armour
 G - 17 scrolls of remove curse
 K - 5 scrolls of blinking
 L - a scroll of brand weapon {unknown}
 N - 2 scrolls of summoning
 V - a scroll of torment {unknown}
 W - 2 scrolls of acquirement
Potions
 a - 7 potions of magic
 g - 5 potions of agility
 h - 6 potions of lignification
 j - 13 potions of curing
 l - 3 potions of ambrosia
 o - 2 potions of heal wounds
 s - 5 potions of might
 v - 5 potions of brilliance
 x - 3 potions of berserk rage
 z - 3 potions of invisibility
 A - 3 potions of resistance
 C - 2 potions of haste
 P - a potion of cancellation {unknown}
 S - a potion of flight
 Y - a potion of degeneration {unknown}
Comestibles
 f - 34 rations


   Skills:
 + Level 21.7 Fighting
 - Level 20.4 Bows
 + Level 11.2 Armour
 * Level 9.0 Dodging
 - Level 0.9 Stealth
 - Level 8.6 Hexes
 - Level 8.6 Translocations
 - Level 12.1 Invocations


You had 16 spell levels left.
You knew the following spells:

 Your Spells              Type           Power        Failure   Level  Hunger
a - Portal Projectile     Hex/Tloc       ###...       82%         3    ####...

Your spell library contained the following spells:

 Spells                   Type           Power        Failure   Level  Hunger
 Corona                   Hex            ###....      43%         1    ##.....
 Slow                     Hex            ###.....     58%         2    ###....
 Confuse                  Hex            ###.....     82%         3    ####...
 Tukima's Dance           Hex            ###.....     82%         3    ####...
 Ensorcelled Hibernation  Hex/Ice        ##....       99%         2    ###....
 Cause Fear               Hex            ###.......   99%         4    #####..
 Animate Skeleton         Necr           N/A          100%        1    ##.....
 Flame Tongue             Conj/Fire      #....        100%        1    ##.....
 Magic Dart               Conj           #...         100%        1    ##.....
 Pain                     Necr           #...         100%        1    ##.....
 Sandblast                Erth           #.....       100%        1    ##.....
 Summon Butterflies       Summ           #.......     100%        1    ##.....
 Passwall                 Tmut/Erth      #.......     100%        2    ###....
 Sublimation of Blood     Necr           #.........   100%        2    ###....
 Throw Flame              Conj/Fire      #.....       100%        2    ###....
 Call Canine Familiar     Summ           #.......     100%        3    ####...
 Dazzling Spray           Conj/Hex       ##....       100%        3    ####...
 Ignite Poison            Fire/Tmut/Pois #.......     100%        3    ####...
 Inner Flame              Hex/Fire       ##......     100%        3    ####...
 Regeneration             Chrm/Necr      #.........   100%        3    ####...
 Stone Arrow              Conj/Erth      #.....       100%        3    ####...
 Vampiric Draining        Necr           #.........   100%        3    ####...
 Animate Dead             Necr           N/A          100%        4    #####..
 Ice Form                 Ice/Tmut       #.......     100%        4    #####..
 Iskenderun's Mystic Bla  Conj           #.......     100%        4    #####..
 Leda's Liquefaction      Hex/Erth       ##........   100%        4    #####..
 Olgreb's Toxic Radiance  Pois           #.......     100%        4    #####..
 Petrify                  Tmut/Erth      #.......     100%        4    #####..
 Summon Ice Beast         Ice/Summ       #.......     100%        4    #####..
 Alistair's Intoxication  Tmut/Pois      #.......     100%        5    ######.
 Fireball                 Conj/Fire      #.........   100%        5    ######.
 Irradiate                Conj/Tmut      #.........   100%        5    ######.
 Lee's Rapid Deconstruct  Erth           #.........   100%        5    ######.
 Metabolic Englaciation   Hex/Ice        ##........   100%        5    ######.
 Summon Forest            Summ/Tloc      ##........   100%        5    ######.
 Summon Mana Viper        Hex/Summ       ##......     100%        5    ######.
 Venom Bolt               Conj/Pois      #.........   100%        5    ######.
 Bolt of Cold             Conj/Ice       #.........   100%        6    #######
 Freezing Cloud           Conj/Ice/Air   #.........   100%        6    #######
 Ozocubu's Refrigeration  Ice            #.........   100%        6    #######
 Simulacrum               Ice/Necr       #.........   100%        6    #######
 Summon Hydra             Summ           #.........   100%        7    #######
 Ignition                 Fire           #.........   100%        8    #######


Dungeon Overview and Level Annotations

Branches:
Dungeon (13/15)            Temple (1/1) D:7            Lair (6/6) D:9
  Swamp (4/4) Lair:2        Snake (4/4) Lair:4        Slime (0/5) Lair:6
    Orc (0/2) D:11         Vaults (5/5) D:13          Crypt (0/3) Vaults:3

Altars:
Ashenzari
Cheibriados
Dithmenos
Elyvilon
Fedhas
Gozag
Hepliaklqana
Kikubaaqudgha
Makhleb
Nemelex Xobeh
Okawaru
Qazlal
Uskayaw
Vehumet
Wu Jian
Beogh
Jiyva

Shops:
D:4 [!=   D:5 }   D:10 (   Snake:2 }==   Snake:4 =[   Vaults:1 (   Vaults:3 =[

Portals:
Hell: Lair:6
Trove: Vaults:3 (give +7 demon trident)

Annotations:
D:10 3 runed translucent doors, jaiteiro's ghost, journeyman GrFi
Lair:3 exclusion: oklob plant
Lair:6 3 runed translucent doors, Exodus22XD's ghost, journeyman DDFi; XoMute's ghost, journeyman GrEE; weresquid's ghost, journeyman OpGl
Swamp:4 1 runed translucent door, mrkaede's ghost, adept MiFi
Snake:1 3 runed translucent doors, Pas Vaeh's ghost, adept CeAM
Snake:4 3 runed translucent doors, Jabberih's ghost, adept DsGl
Vaults:4 Sojobo


Innate Abilities, Weirdness & Mutations

You have hooves in place of feet.
Armour fits poorly on your strangely shaped body.
You cover ground very quickly.
You have extremely tough skin. (AC +3)
You can translocate small distances at will.
You are weak. (Str -2)


Message History

The ancient lich touches you.
* * * LOW HITPOINT WARNING * * *
The war gargoyle hits you but does no damage.
The shadow dragon bites you but does no damage.
The shadow dragon claws you but does no damage. x2
The sphinx hits you but does no damage. The sphinx hits you.
* * * LOW HITPOINT WARNING * * *
The sphinx hits you but does no damage.
You hear a shout! x2
You hear a shout! x3
The ancient lich touches you but does no damage.
The vault sentinel blows a loud note on a signal horn!
The vault guard hits you from afar with a +0 glaive!
* * * LOW HITPOINT WARNING * * *
The frost giant hits you but does no damage.
The war gargoyle hits you but does no damage.
The shadow dragon bites you but does no damage.
The shadow dragon claws you but does no damage. x2
The sphinx hits you!
You die...

.#p#...p#...
...........
###..%.....#####
p...............
......<<........
...(.<..<[((....
p...((<<(†(.....
###....D(9.#####
.......(@HCCcT.#
L...#.CCL#C.....
... #.)Dp#......
.. #.(.(#.....#
#.()(##...##
#..(p# ....#
#.)((# . #()(.#
#.)()#


You could see a shadow dragon, an iron dragon, an ancient lich, 4 frost giants,
a sphinx, a stone giant, a vault guard, a deep troll, a war gargoyle, a vault
sentinel and a yaktaur.

Vanquished Creatures
  Saint Roka (Vaults:4)
  the Lernaean hydra (Swamp:4)
  Jory (Vaults:4)
  Rupert (Lair:3)
  3 tengu reavers
  3 thorn hunters
  Kirke (Lair:5)
  7 nagarajas (Snake:4)
  A fire giant (Vaults:3)
  A frost giant (Vaults:3)
  A ghoul (Vaults:5)
  Aizul (Snake:1)
  An iron dragon (Vaults:5)
  14 vault wardens
  6 stone giants
  An entropy weaver (Vaults:1)
  A war gargoyle (Vaults:5)
  3 very ugly things (Vaults:1)
  9 ironheart preservers
  A deep elf annihilator (Vaults:2)
  3 fire dragons
  8 yaktaur captains
  A deep elf high priest (Vaults:5)
  A great orb of eyes (Vaults:3)
  Fannar (D:12)
  3 ice dragons
  15 naga warriors
  2 rakshasas
  28 hydras
  4 ghost crabs
  4 centaur warriors
  4 shambling mangroves
  11 alligators
  13 two-headed ogres
  35 vault guards
  2 death knights
  5 anacondas
  5 ogre magi
  2 deep troll shamans (Vaults:3)
  9 death yaks
  A deep troll earth mage (Vaults:3)
  8 shock serpents
  8 naga sharpshooters
  Urug (Lair:3)
  A sun demon (Lair:6)
  4 skeletal warriors (Vaults:2)
  2 shadow wraiths
  Nergalle (D:11)
  9 swamp dragons
  11 deep trolls
  A flayed ghost (Vaults:1)
  A glowing orange brain (Vaults:1)
  An unseen horror (Vaults:1)
  4 naga ritualists
  4 spriggan druids
  4 wizards
  2 necromancers
  2 phantasmal warriors
  4 orc knights
  4 deep elf archers
  5 harpies (Vaults:1)
  A harpy (shapeshifter) (Vaults:3)
  A lindwurm (shapeshifter) (Vaults:2)
  3 deep elf magi
  3 wolf spiders (Vaults:1)
  12 ironbrand convokers
  4 mana vipers
  A manticore (D:11)
  4 cyclopes
  19 ugly things
  3 human zombies (Vaults:4)
  An orc sorcerer (Vaults:1)
  15 elephants
  4 guardian serpents
  20 salamanders
  28 black mambas
  19 naga magi
  A smoke demon (Lair:6)
  9 vault sentinels
  2 torpor snails (Lair:4)
  15 spiny frogs
  2 orange demons (Lair:6)
  A komodo dragon (shapeshifter) (Vaults:2)
  6 freezing wraiths
  6 komodo dragons
  An ice devil (Lair:6)
  2 red devils (Lair:6)
  33 yaktaurs
  2 rime drakes (Lair:6)
  5 trolls
  12 polar bears
  A polar bear (shapeshifter) (Vaults:3)
  A hornet (shapeshifter) (Vaults:2)
  12 tyrant leeches
  20 hornets
  Grinder (D:3)
  8 bog bodies
  2 jumping spiders (Vaults:1)
  6 hippogriffs
  37 slime creatures
  14 blink frogs
  A hippogriff (shapeshifter) (Vaults:4)
  A stone giant simulacrum (Vaults:3)
  A redback (Vaults:1)
  7 spriggans
  2 shadows (Swamp:2)
  4 wyverns
  Sigmund (D:5)
  53 yaks
  5 wraiths
  3 hogs (Lair:5)
  2 basilisks
  Eustachio (D:5)
  12 vampire mosquitoes
  21 swamp worms
  2 wargs (Vaults:4)
  20 insubstantial wisps
  77 nagas
  2 acid dragons (Vaults:1)
  11 water moccasins
  5 hell hounds (Lair:6)
  11 swamp drakes
  6 porcupines
  13 orc warriors
  4 black bears
  3 ice beasts
  2 eyes of draining
  3 necrophages
  2 sky beasts
  10 ogres
  3 phantoms
  3 boggarts (Vaults:1)
  24 wolves
  5 centaurs
  8 crocodiles
  2 big kobolds
  Blork the orc (D:5)
  23 bullfrogs
  A water moccasin skeleton (D:4)
  8 scorpions
  2 wyvern skeletons
  An elf simulacrum (Vaults:3)
  9 killer bees
  4 wights (D:12)
  An electric eel (Lair:2)
  A bullfrog zombie (D:9)
  7 crimson imps
  4 howler monkeys
  2 centaur zombies
  A lava snake (Snake:2)
  2 jellies
  2 quasits
  7 orc priests
  2 centaur skeletons
  6 hounds
  8 orc wizards
  3 bullfrog skeletons
  Jessica (D:3)
  Ijyb (D:3)
  5 iguanas
  10 hell rats
  8 worker ants
  A hound skeleton (D:11)
  A howler monkey zombie (D:6)
  A worker ant zombie (D:11)
  3 gnolls (D:7)
  16 adders
  A river rat (D:9)
  6 shadow imps
  15 white imps
  3 oozes
  An adder skeleton (D:8)
  An adder zombie (D:8)
  2 worms
  4 dart slugs
  6 leopard geckos
  50 orcs
  5 bats
  9 giant cockroaches
  7 hobgoblins
  12 jackals
  6 quokkas
  2 ball pythons (D:3)
  7 frilled lizards
  8 goblins
  17 kobolds
  A leopard gecko skeleton (D:6)
  8 rats
1272 creatures vanquished.

Vanquished Creatures (others)
  A yaktaur (Vaults:4)
  A spriggan (Swamp:2)
  An insubstantial wisp (Swamp:3)
  3 wolves (IceCv)
  An orc (Vaults:3)
  12 fungi
  20 plants (Lair:6)
  4 toadstools (D:1)
43 creatures vanquished.

Grand Total: 1315 creatures vanquished

Notes
Turn   | Place    | Note
-------+----------+-------------------------------------------
     0 | D:1      | Exodus22XD the Centaur Hunter began the quest for the Orb.
     0 | D:1      | Reached XP level 1. HP: 17/17 MP: 1/1
   128 | D:1      | Reached XP level 2. HP: 24/24 MP: 2/2
   980 | D:2      | Reached XP level 3. HP: 8/29 MP: 3/3
  1687 | D:2      | Reached XP level 4. HP: 37/37 MP: 4/4
  1938 | D:3      | Noticed Jessica
  1946 | D:2      | Reached skill level 1 in Armour
  2048 | D:3      | Killed Jessica
  2048 | D:3      | Reached skill level 3 in Fighting
  2048 | D:3      | Reached XP level 5. HP: 37/45 MP: 5/5
  2060 | D:3      | Noticed Grinder
  2074 | D:3      | Paralysed by Grinder for 2 turns
  2083 | D:3      | Killed Grinder
  2083 | D:3      | Reached skill level 4 in Fighting
  2083 | D:3      | Reached XP level 6. HP: 47/52 MP: 6/6
  2203 | D:3      | Found a sparkling altar of Nemelex Xobeh.
  2222 | D:3      | Noticed Ijyb
  2233 | D:3      | Killed Ijyb
  3065 | D:4      | Found Xutaaroh's Distillery.
  3074 | D:4      | Bought a potion of heal wounds for 60 gold pieces
  3117 | D:4      | Reached XP level 7. HP: 53/60 MP: 7/7
  3138 | D:4      | Reached skill level 5 in Fighting
  3318 | D:4      | Found a blossoming altar of Fedhas.
  3423 | D:4      | Found Resigruz's Armour Emporium.
  3802 | D:4      | Found Gese Vistef's Jewellery Emporium.
  4029 | D:5      | Entered Level 5 of the Dungeon
  4102 | D:5      | Noticed Blork the orc
  4295 | D:5      | Reached skill level 6 in Fighting
  4295 | D:5      | Reached XP level 8. HP: 48/70 MP: 8/8
  5045 | D:5      | Found Iffal's Gadget Shop.
  5359 | D:5      | Killed Blork the orc
  5431 | D:5      | Noticed Eustachio
  5484 | D:5      | Killed Eustachio
  5556 | D:5      | Noticed Sigmund
  5638 | D:5      | Killed Sigmund
  5638 | D:5      | Reached skill level 7 in Fighting
  5638 | D:5      | Reached skill level 10 in Bows
  5818 | D:6      | Found a shattered altar of Ashenzari.
  6909 | D:7      | Reached XP level 9. HP: 75/80 MP: 9/9
  7224 | D:7      | Reached skill level 8 in Fighting
  7560 | D:7      | You fall through a shaft for 2 floors!
  7591 | D:9      | Noticed a death yak
  7591 | D:9      | Noticed a death yak
  7596 | D:9      | Noticed a troll
  7599 | D:9      | Found a staircase to the Lair.
  7600 | D:9      | Noticed a death yak
  7935 | D:8      | Reached skill level 5 in Armour
  7941 | D:8      | Got an encrusted scale mail
  7952 | D:8      | Identified the +1 scale mail of the Komodo Dragon {rElec
                  | MR++} (You found it on level 8 of the Dungeon)
  8185 | D:7      | Reached skill level 9 in Fighting
  9312 | D:7      | Found a staircase to the Ecumenical Temple.
  9317 | Temple   | Entered the Ecumenical Temple
  9352 | Temple   | Became a worshipper of Warmaster Okawaru
  9527 | D:8      | Found an ornate altar of the Wu Jian Council.
  9527 | D:8      | Found an ancient bone altar of Kikubaaqudgha.
  9527 | D:8      | Found a white marble altar of Elyvilon.
  9527 | D:8      | Found a snail-covered altar of Cheibriados.
 10591 | D:9      | Reached * piety under Okawaru
 10964 | D:9      | Reached XP level 10. HP: 91/91 MP: 10/10
 11484 | D:10     | Entered Level 10 of the Dungeon
 11686 | D:10     | Noticed a two-headed ogre
 11745 | D:10     | Killed a two-headed ogre
 11745 | D:10     | Reached skill level 10 in Fighting
 11752 | D:10     | Noticed jaiteiro's ghost (journeyman GrFi)
 11952 | D:10     | Found Pareosuu's Antique Weapon Emporium.
 12034 | D:10     | Found a runed translucent gate.
 12037 | D:10     | Found a runed translucent gate.
 12038 | D:10     | Found a runed translucent gate.
 12087 | D:10     | Identified the Disquisition on Poisonous Transmigration
 12425 | D:11     | Reached ** piety under Okawaru
 12425 | D:11     | Reached skill level 1 in Invocations
 12509 | D:11     | Found a staircase to the Orcish Mines.
 12613 | D:11     | Found a roughly hewn altar of Beogh.
 12812 | D:11     | Noticed a gargoyle
 12812 | D:11     | Noticed a six-headed hydra
 12874 | D:11     | Killed a six-headed hydra
 12874 | D:11     | Reached *** piety under Okawaru
 13349 | D:11     | Noticed a manticore
 13367 | D:11     | Killed a manticore
 13561 | D:11     | Reached **** piety under Okawaru
 13572 | D:11     | Reached XP level 11. HP: 40/101 MP: 11/11
 13854 | D:11     | Reached skill level 11 in Fighting
 13965 | D:11     | You fall through a shaft!
 14307 | D:12     | Noticed Fannar
 14547 | D:12     | Noticed a brown ugly thing
 14732 | D:11     | Noticed a red ugly thing
 14854 | D:12     | Reached ***** piety under Okawaru
 15105 | D:12     | Noticed a deep elf mage
 15105 | D:12     | Noticed a white ugly thing
 15202 | D:12     | Killed a green ugly thing
 15314 | D:12     | Killed a green ugly thing
 15337 | D:12     | Killed a deep elf mage
 15561 | D:12     | Got an ebony shortbow
 15562 | D:12     | Identified the +3 shortbow "Felij" {velocity, rElec rN+
                  | Str+4 Stlth+} (You found it on level 12 of the Dungeon)
 15954 | D:12     | Received a gift from Okawaru
 16182 | D:12     | Reached skill level 12 in Fighting
 16464 | D:11     | Noticed Nergalle
 16473 | D:11     | Noticed a spectral orc warlord
 16486 | D:11     | Noticed a six-headed hydra
 16544 | D:11     | Killed a six-headed hydra
 16590 | D:11     | Killed a red ugly thing
 16727 | D:11     | Killed Nergalle
 17214 | D:9      | Killed a death yak
 17214 | D:9      | Received a gift from Okawaru
 17289 | D:9      | Killed a death yak
 17294 | D:9      | Reached XP level 12. HP: 45/113 MP: 12/12
 17493 | D:9      | Received a gift from Okawaru
 17528 | D:9      | Killed a death yak
 17656 | D:9      | Reached skill level 13 in Fighting
 18057 | Lair:1   | Entered Level 1 of the Lair of Beasts
 18074 | Lair:1   | Reached ****** piety under Okawaru
 18185 | Lair:1   | Got an ichor-stained scale mail
 18196 | Lair:1   | Identified the +0 scale mail of Podifyot {MP+9} (You found
                  | it on level 1 of the Lair of Beasts)
 18227 | Lair:1   | Received a gift from Okawaru
 18240 | Lair:1   | Reached skill level 15 in Bows
 19205 | Lair:1   | Noticed a seven-headed hydra
 19237 | Lair:1   | Killed a seven-headed hydra
 19631 | Lair:2   | Reached skill level 14 in Fighting
 19636 | Lair:2   | Found a frozen archway.
 19686 | IceCv    | Entered an ice cave
 20069 | IceCv    | Noticed a death yak
 20069 | IceCv    | Noticed a death yak
 20090 | IceCv    | Killed a death yak
 20130 | IceCv    | Killed a death yak
 20712 | IceCv    | Received a gift from Okawaru
 20712 | IceCv    | Reached XP level 13. HP: 124/125 MP: 15/15
 20715 | IceCv    | Got a steaming robe {god gift}
 20726 | IceCv    | Identified the +1 robe of Curiosity {rPois rN+ Int+5 Dex-2}
                  | (Okawaru gifted it to you in an ice cave)
 21126 | IceCv    | Noticed a frost giant
 21219 | IceCv    | Identified the Almanac of Fire
 21604 | Lair:2   | You fall through a shaft!
 21612 | Lair:3   | Learned a level 3 spell: Portal Projectile
 21682 | Lair:3   | Reached skill level 1 in Hexes
 21682 | Lair:3   | Reached skill level 1 in Translocations
 21985 | Lair:3   | Noticed Rupert
 22065 | Lair:3   | Killed Rupert
 22229 | Lair:3   | Noticed Urug
 22247 | Lair:3   | Killed Urug
 22316 | Lair:3   | Received a gift from Okawaru
 22830 | Lair:2   | Found a staircase to the Swamp.
 23077 | Lair:4   | Got a brightly glowing ring mail
 23088 | Lair:4   | Identified the +1 ring mail of Fortitude {Regen+} (You
                  | found it on level 4 of the Lair of Beasts)
 23319 | Lair:4   | Found a staircase to the Snake Pit.
 23449 | Lair:4   | Reached skill level 5 in Hexes
 23456 | Lair:4   | Reached skill level 5 in Translocations
 24223 | Lair:5   | Reached XP level 14. HP: 125/133 MP: 16/16
 24482 | Lair:5   | Noticed Kirke
 24507 | Lair:5   | Killed Kirke
 24507 | Lair:5   | Received a gift from Okawaru
 25239 | Lair:6   | Entered Level 6 of the Lair of Beasts
 25564 | Lair:6   | Found a runed translucent gate.
 25565 | Lair:6   | Found a runed translucent gate.
 25566 | Lair:6   | Found a runed translucent gate.
 25739 | Lair:6   | Noticed weresquid's ghost (journeyman OpGl)
 25739 | Lair:6   | Noticed Exodus22XD's ghost (journeyman DDFi)
 25739 | Lair:6   | Noticed XoMute's ghost (journeyman GrEE)
 26794 | Lair:6   | Received a gift from Okawaru
 27014 | Lair:6   | Received a gift from Okawaru
 27272 | Lair:6   | Received a gift from Okawaru
 27275 | Lair:6   | Found a viscous altar of Jiyva.
 27275 | Lair:6   | Found a staircase to the Slime Pits.
 27621 | Lair:6   | Found a burning altar of Makhleb.
 27707 | Lair:6   | Reached skill level 15 in Fighting
 27790 | Lair:6   | Found a gateway to Hell.
 28077 | Snake:1  | Entered Level 1 of the Snake Pit
 28106 | Snake:1  | Received a gift from Okawaru
 28727 | Snake:1  | Got a jewelled centaur barding {god gift}
 28762 | Snake:1  | Identified the +1 centaur barding of Mirth {Str+3} (Okawaru
                  | gifted it to you on level 1 of the Snake Pit)
 29347 | Snake:1  | Reached skill level 5 in Invocations
 29347 | Snake:1  | Reached XP level 15. HP: 109/141 MP: 18/18
 29443 | Snake:1  | Noticed Aizul
 29476 | Snake:1  | Killed Aizul
 30178 | Snake:1  | Found a runed translucent gate.
 30178 | Snake:1  | Found a runed translucent gate.
 30178 | Snake:1  | Found a runed translucent gate.
 30178 | Snake:1  | Noticed Pas Vaeh's ghost (adept CeAM)
 30388 | Snake:2  | Received a gift from Okawaru
 30696 | Snake:2  | Received a gift from Okawaru
 31073 | Snake:2  | Received a gift from Okawaru
 31305 | Snake:2  | Received a gift from Okawaru
 31831 | Snake:2  | Reached skill level 16 in Fighting
 32496 | Snake:2  | Found Ribbur's Jewellery Boutique.
 32497 | Snake:2  | Found Qoxaxun's Gadget Emporium.
 32498 | Snake:2  | Found Hotaluw's Jewellery Boutique.
 32507 | Snake:2  | Bought the ring "Naacuj" {rElec MP+9 Slay+3 Stlth+} for 691
                  | gold pieces
 32833 | Snake:2  | Got a smelly ring mail {god gift}
 32844 | Snake:2  | Identified the +1 ring mail of the Evening {rPois rN+
                  | Slay-3} (Okawaru gifted it to you on level 2 of the Snake
                  | Pit)
 33766 | Snake:4  | Entered Level 4 of the Snake Pit
 33796 | Snake:4  | Found a runed translucent gate.
 33796 | Snake:4  | Found a runed translucent gate.
 33796 | Snake:4  | Found a runed translucent gate.
 33796 | Snake:4  | Noticed Jabberih's ghost (adept DsGl)
 33864 | Snake:4  | Received a gift from Okawaru
 34178 | Snake:4  | Received a gift from Okawaru
 34211 | Snake:4  | Found Vuxow Enty's Jewellery Shoppe.
 34220 | Snake:4  | Found a hide-covered altar of Uskayaw.
 34343 | Snake:4  | Found Rukunauddo's Armour Shop.
 34363 | Snake:4  | Bought the +1 robe of Ynoni {Dex+5 Slay+3 SInv} for 760
                  | gold pieces
 34479 | Snake:4  | Reached XP level 16. HP: 110/152 MP: 21/21
 34784 | Snake:4  | Received a gift from Okawaru
 34785 | Snake:4  | Found the +7 longbow "Piercer" {penet, EV-2}
 35218 | Snake:4  | Received a gift from Okawaru
 35221 | Snake:4  | Got a crude longbow {god gift}
 35222 | Snake:4  | Identified the +1 longbow of the Forgotten People {freeze,
                  | rN+ MR- Str+2} (Okawaru gifted it to you on level 4 of the
                  | Snake Pit)
 35326 | Snake:4  | Reached skill level 17 in Fighting
 35914 | Snake:4  | Received a gift from Okawaru
 35931 | Snake:4  | Got a serpentine rune of Zot
 36293 | Swamp:1  | Entered Level 1 of the Swamp
 36821 | Swamp:1  | Received a gift from Okawaru
 36827 | Swamp:1  | Got a polished crystal plate armour {god gift}
 36845 | Swamp:1  | Identified the +11 crystal plate armour of the Wilderness
                  | {-Cast rC++ rN+++ Regen+} (Okawaru gifted it to you on
                  | level 1 of the Swamp)
 37276 | Swamp:1  | Identified 2 scrolls of acquirement
 38531 | Swamp:2  | Reached XP level 17. HP: 160/162 MP: 24/24
 39423 | Swamp:3  | Received a gift from Okawaru
 40135 | Swamp:4  | Entered Level 4 of the Swamp
 40610 | Swamp:4  | Reached skill level 10 in Invocations
 40620 | Swamp:4  | Reached skill level 5 in Dodging
 40870 | Swamp:4  | Got a smoking graven amulet
 41019 | Swamp:4  | Found a runed translucent door.
 41021 | Swamp:4  | Noticed mrkaede's ghost (adept MiFi)
 41163 | Swamp:4  | Reached skill level 18 in Fighting
 41442 | Swamp:4  | Noticed the 27-headed Lernaean hydra
 41474 | Swamp:4  | Killed the 27-headed Lernaean hydra
 41474 | Swamp:4  | Received a gift from Okawaru
 41988 | Swamp:4  | Received a gift from Okawaru
 42003 | Swamp:4  | Got a decaying rune of Zot
 42009 | Swamp:4  | Got a translucent shortbow {god gift}
 42010 | Swamp:4  | Identified the +2 shortbow of the Desolation of Salt
                  | {venom, *Contam rC++ MR+} (Okawaru gifted it to you on
                  | level 4 of the Swamp)
 42011 | Swamp:4  | Gained mutation: Your spells are a little easier to cast,
                  | but a little less powerful. [mutagenic glow]
 42964 | D:13     | Found a gate to the Vaults.
 43755 | Vaults:1 | Entered Level 1 of the Vaults
 43777 | Vaults:1 | Received a gift from Okawaru
 43908 | Vaults:1 | Received a gift from Okawaru
 43912 | Vaults:1 | Identified the amulet of Jewuud {RegenMP rF+ rC+ Int+3
                  | Stlth+} (You acquired it on level 4 of the Swamp)
 44031 | Vaults:1 | Reached XP level 18. HP: 138/173 MP: 26/26
 45330 | Vaults:1 | Reached skill level 19 in Fighting
 45467 | Vaults:1 | Received a gift from Okawaru
 45787 | Vaults:1 | Received a gift from Okawaru
 46398 | Vaults:1 | Found Nudobe's Weapon Emporium.
 46960 | Vaults:2 | Identified the Disquisition on Damaging Summoning
 47057 | Vaults:2 | Received a gift from Okawaru
 47284 | Vaults:2 | Received a gift from Okawaru
 47284 | Vaults:2 | Reached skill level 10 in Armour
 48049 | Vaults:2 | Received a gift from Okawaru
 48050 | Vaults:2 | Found the +8 orange crystal plate armour {Archmagi, Int+3
                  | Clar}
 48055 | Vaults:2 | Reached XP level 19. HP: 171/184 MP: 28/28
 48234 | Vaults:3 | Found Uxeedaj's Jewellery Emporium.
 48303 | Vaults:3 | Found a staircase to the Crypt.
 48378 | Vaults:3 | Reached skill level 20 in Fighting
 48426 | Vaults:3 | Found a portal to a secret trove of treasure.
 49711 | Vaults:3 | Found Maten's Antique Armour Shop.
 49717 | Vaults:3 | Bought a runed scarf for 312 gold pieces
 50390 | Snake:4  | Bought an uncursed ring of see invisible for 225 gold
                  | pieces
 50889 | Vaults:4 | Received a gift from Okawaru
 51045 | Vaults:4 | Noticed Jory
 51097 | Vaults:4 | Killed Jory
 51147 | Vaults:4 | Noticed Sojobo
 51628 | Vaults:4 | Noticed Saint Roka
 51688 | Vaults:4 | Killed Saint Roka
 51688 | Vaults:4 | Reached skill level 21 in Fighting
 52660 | D:12     | Killed Fannar
 52943 | Vaults:4 | Received a gift from Okawaru
 53324 | Vaults:4 | Reached XP level 20. HP: 198/198 MP: 29/29
 53404 | Vaults:5 | Entered Level 5 of the Vaults
 53408 | Vaults:5 | Noticed an ancient lich
 53467 | Vaults:5 | Received a gift from Okawaru
 53554 | Vaults:5 | Lost mutation: Your spells are a little easier to cast, but
                  | a little less powerful. [potion of mutation]
 53554 | Vaults:5 | Gained mutation: You are weak. (Str -2) [potion of
                  | mutation]
 53554 | Vaults:5 | Gained mutation: You can translocate small distances at
                  | will. [potion of mutation]
 53554 | Vaults:5 | Paralysed by a sphinx for 4 turns
 53559 | Vaults:5 | HP: 7/199 [frost giant/+2 battleaxe of freezing (5)]
 53560 | Vaults:5 | HP: 2/199 [vault guard/+0 glaive (4)]
 53560 | Vaults:5 | Slain by a sphinx

Skill      XL: |  1  2  3  4  5  6  7  8  9 10 11 12 13 14 15 16 17 18 19 20 |
---------------+-------------------------------------------------------------+-----
Bows           | 6 7 9 10 11 12 14 15 16 17 19 20 | 20.4
Armour         | 1 2 3 4 5 6 7 8 9 10 11 | 11.2
Fighting       | 3 4 6 7 9 10 12 14 15 16 17 18 19 21 | 21.7
Dodging        | 2 3 4 6 7 8 9 |  9.0
Invocations    | 1 2 3 5 7 9 11 12 | 12.1
Hexes          | 6 8 |  8.6
Translocations | 5 8 |  8.6
Stealth        | |  0.9

Action                   |  1- 3 |  4- 6 |  7- 9 | 10-12 | 13-15 | 16-18 | 19-21 || total
-------------------------+-------+-------+-------+-------+-------+-------+-------++-------
Melee: Short sword       |   112 |   179 |   674 |   333 |       |       |       ||  1298
       Kick              |    24 |    29 |   177 |    89 |       |     6 |       ||   325
       Unarmed           |       |     6 |       |       |       |    13 |       ||    19
       Shortbow          |       |       |     5 |       |       |     1 |       ||     6
 Fire: Shortbow          |     7 |    36 |   210 |  1023 |  2087 |  2422 |   757 ||  6542
       Longbow           |       |       |       |       |       |       |   151 ||   151
 Cast: Portal Projectile |       |       |       |       |     8 |     2 |     1 ||    11
Invok: Heroism           |       |       |       |     1 |     6 |     5 |     5 ||    17
       Finesse           |       |       |       |       |     1 |     5 |     5 ||    11
 Abil: Evoke Flight      |       |       |       |       |     1 |     1 |       ||     2
Evoke: Wand              |       |       |       |     1 |       |       |       ||     1
  Use: Scroll            |       |       |     8 |    11 |    13 |    13 |     3 ||    48
       Potion            |       |       |     3 |       |     4 |     1 |     5 ||    13
 Stab: Confused          |       |     1 |       |       |       |       |       ||     1
  Eat: Chunk             |     2 |     4 |    18 |    14 |    27 |     9 |     6 ||    80
       Ration            |       |       |     1 |     3 |     2 |     7 |     2 ||    15
Armor: Leather armour    |    49 |       |       |       |       |       |       ||    49
       Chain mail        |    36 |   134 |   513 |       |       |       |       ||   683
       Scale mail        |       |       |   149 |   456 |   483 |       |       ||  1088
       Robe              |       |       |       |       |     1 |    99 |       ||   100
       Crystal plate arm |       |       |       |       |       |  1204 |   515 ||  1719
Dodge: Dodged            |    57 |    44 |   279 |   282 |   240 |   214 |   115 ||  1231
       Deflected         |       |       |       |       |       |       |    17 ||    17
